 Dungeon Crawl Stone Soup version 0.32-a0-898-g7811c86cf0 (webtiles) character file.

Game seed: 14726384288210575658

22 zazu2006 the Magician (level 2, -9/20 HPs)
             Began as a Gnoll Wanderer on Apr 4, 2024.
             Killed by divine providence
             ... invoked by an orc priest
              (17 damage)
             ... on level 2 of the Dungeon.
             The game lasted 00:01:22 (408 turns).

zazu2006 the Magician (Gnoll Wanderer)               Turns: 408, Time: 00:01:23

Health: -9/20      AC:  3    Str: 10    XL:     2   Next: 91%
Magic:  0/10       EV: 10    Int: 12    God:
Gold:   47         SH:  4    Dex: 11    Spells: 14/15 levels left

rFire   . . .        a - +0 dagger
rCold   . . .        d - +0 buckler
rNeg    . . .        c - +0 robe
rPois   .            (no helmet)
rElec   .            (no cloak)
rCorr   .            e - +0 pair of gloves
SInv    .            (no boots)
Will    .....        (no amulet)
Stlth   +            (no ring)
HPRegen 0.23/turn    (no ring)
MPRegen 0.12/turn

%: no passive effects
@: no status effects
A: fangs 1, strong nose, distributed training
a: Convert to Beogh


You were on level 2 of the Dungeon.
You visited 1 branch of the dungeon, and saw 2 of its levels.

You collected 47 gold pieces.

Inventory:

Hand Weapons
 a - a +0 dagger (weapon)
Armour
 c - a +0 robe (worn)
 d - a +0 buckler (worn)
 e - a +0 pair of gloves (worn)
Scrolls
 f - a scroll of identify {unknown}
Potions
 b - a potion of attraction


   Skills:
 + Level 0.5 Fighting
 + Level 0.5 Short Blades
 + Level 0.5 Long Blades
 + Level 0.5 Axes
 + Level 0.5 Maces & Flails
 + Level 0.5 Polearms
 + Level 0.5 Staves
 + Level 0.5 Ranged Weapons
 + Level 0.5 Throwing
 + Level 2.5 Armour
 + Level 2.5 Dodging
 + Level 0.5 Stealth
 + Level 2.5 Shields
 + Level 0.5 Unarmed Combat
 + Level 7.1 Spellcasting
 + Level 0.4 Conjurations
 + Level 0.4 Hexes
 + Level 0.4 Summonings
 + Level 0.4 Necromancy
 + Level 0.4 Translocations
 + Level 0.4 Fire Magic
 + Level 0.4 Ice Magic
 + Level 0.4 Air Magic
 + Level 3.7 Earth Magic
 + Level 3.7 Alchemy
 + Level 0.7 Invocations
 + Level 0.5 Evocations
 + Level 0.5 Shapeshifting


You had 14 spell levels left.
You knew the following spells:

 Your Spells              Type           Power      Damage    Failure   Level
a - Sting                 Conj/Alch      36%        1d5       10%         1

Your spell library contained the following spells:

 Spells                   Type           Power      Damage    Failure   Level
 Sandblast                Erth           26%        2d8       4%          1
 Stone Arrow              Conj/Erth      18%        3d8       30%         3
 Mephitic Cloud           Conj/Alch/Air  7%         N/A       36%         3
 Ignite Poison            Fire/Alch      9%         N/A       69%         4


Dungeon Overview and Level Annotations

Branches:
Dungeon (2/15)

Altars:

Shops:
D:2 !


Innate Abilities, Weirdness & Mutations

You have very sharp teeth.
Your uncanny sense of smell can sniff out nearby items.
Your experience applies equally to all skills.


Message History

Something hits you.
Casting: Sting (safe; 10% risk of failure)
Confirm with . or Enter, or press ? or * to list all spells.
Aiming: Sting (safe; 10% risk of failure)
Press: ? - help, Shift-Dir - straight line, f/p - orc priest
Aim: an orc priest, wielding a +0 mace of draining and wearing a +0 scale mail (heavily wounded, very poisoned, 72% to hit)
The sting hits something.
Something hits you.
The orc priest shouts, "Beogh offers mercy even to people such as you.
Join us and be reborn!" (press Y on the ability menu to convert to Beogh) Unknown command.
Casting: Sting (safe; 10% risk of failure)
Confirm with . or Enter, or press ? or * to list all spells.
Aiming: Sting (safe; 10% risk of failure)
Press: ? - help, Shift-Dir - straight line, f/p - orc priest
Aim: an orc priest, wielding a +0 mace of draining and wearing a +0 scale mail (severely wounded, very poisoned, 72% to hit)
The sting hits something.
Something hits you.
Unknown command.
You hit something but do no damage.
The orc priest looks encouraged for a moment.
Something hits you.
Casting: Sting (safe; 10% risk of failure)
Confirm with . or Enter, or press ? or * to list all spells.
Aiming: Sting (safe; 10% risk of failure)
Press: ? - help, Shift-Dir - straight line, f/p - orc priest
Aim: an orc priest, wielding a +0 mace of draining and wearing a +0 scale mail (severely wounded, very poisoned, 72% to hit)
The sting hits something but does no damage.
Something hits you.
Unknown command.
Casting: Sting (safe; 10% risk of failure)
Confirm with . or Enter, or press ? or * to list all spells.
Aiming: Sting (safe; 10% risk of failure)
Press: ? - help, Shift-Dir - straight line, f/p - orc priest
Aim: an orc priest, wielding a +0 mace of draining and wearing a +0 scale mail (almost dead, very poisoned, 72% to hit)
The sting hits something.
Reactivating autopickup.
You feel a bit more experienced.
The orc priest invokes the aid of Beogh against you.
Beogh smites you!
Ouch! That really hurt!
You die...

####### ###+#
oo..o.# ##∩##
#####.# ##### #
#.# #.###
.####.##### #...#
..........####
###.#
.#####.......# #.#
## #.......#####.#
#
####...)...oo<@..#
#..........####..#
#.##.......# #..#
# #......)# #..# ∆
#.......# #..#
..........# #..#
.####..###.# #..#
# #..# .# #..#
#..# .# #...


You could see an orc priest (very poisoned) and an orc.

Vanquished Creatures
  An orc wizard (D:2)
  A ribbon worm (D:2)
  2 orcs (D:2)
  2 bats (D:1)
  5 endoplasms
  2 goblins
  A quokka (D:1)
  A kobold (D:1)
  A rat (D:2)
16 creatures vanquished.

Notes
Turn   | Place    | Note
-------+----------+-------------------------------------------
     0 | D:1      | zazu2006 the Gnoll Wanderer began the quest for the Orb.
     0 | D:1      | zazu2006 set off with the following items: a +0 dagger, a
                  | potion of attraction, a +0 robe, a +0 buckler; and the
                  | following spells available to memorise: Sandblast, Sting,
                  | Stone Arrow, Mephitic Cloud, Ignite Poison.
     0 | D:1      | Reached XP level 1. HP: 13/13 MP: 8/8
     2 | D:1      | Learned a level 1 spell: Sting
   160 | D:1      | Reached XP level 2. HP: 19/19 MP: 8/10
   321 | D:2      | Found Vufics's Distillery.
   408 | D:2      | Killed from afar by an orc priest

Illustrated notes

Levels and vault maps discovered:
D:1:      saegor_arrival_under_anarchy, layout_basic, serial_bayou_lake_a
D:2:      layout_loops_ring, serial_shops, nicolae_shop_tiny_glass

Action                     || total
---------------------------++-------
  Melee: Dagger            ||     8
   Cast: Sting             ||    31
 Armour: Robe              ||    13
  Dodge: Dodged            ||     5

Table legend: (Time is in decaauts)
 A = Elapsed time spent in this place.
 B = Non-inter-level travel time spent in this place.
 C = Inter-level travel time spent in this place.
 D = Time resting spent in this place.
 E = Time spent auto-exploring this place.
 F = Levels seen in this place.
 G = Mean time per level.
                   A        B        C        D        E       F      G
               +--------+--------+--------+--------+--------+-----+--------+
         Total |    408 |    408 |      0 |      0 |    297 |   2 |  204.0 |
       Dungeon |    408 |    408 |      0 |      0 |    297 |   2 |  204.0 |
               +--------+--------+--------+--------+--------+-----+--------+

Top non-repeatable levels by time:
     D:1: 247 daAuts
     D:2: 160 daAuts
